 Dungeon Sprint DCSS version 0.28-a0-919-g0b5b508569 (webtiles) character file.

Game seed: 1480704212900886338

92714267 mhtbhm the Conqueror (level 22, 233/233 HPs)
             Began as a Minotaur Fighter on Nov 25, 2021.
             Was an Initiate of Gozag.
             Escaped with the Orb
             ... and 17 runes!
             The game lasted 00:44:45 (19724 turns).

mhtbhm the Conqueror (Minotaur Fighter)            Turns: 19724, Time: 00:44:46

Health: 233/233    AC: 35    Str: 40    XL:     22   Next: 7%
Magic:  28/36      EV: 30    Int:  2    God:    Gozag
Gold:   21707      SH: 21    Dex: 20    Spells: 44/44 levels left

rFire   + + .      SeeInvis +   a - +9 double sword (holy)
rCold   + + +      Faith    .   x - +2 shield of Resistance {rF++ rC++ Will++}
rNeg    + + +      Spirit   .   b - +6 scale mail "Beoliec" {rN+ Str+9 Dex+5}
rPois   .          Reflect  .   F - +1 hat
rElec   +          Harm     .   A - +3 cloak of the Endless Expanse {SInv}
rCorr   +          Rampage  ∞   i - +2 pair of gloves {infuse}
Will    ++++.      NoTele   +   m - +3 pair of seven-league boots {Rampage+∞}
Stlth   +++.......              M - amulet of Nawnul {rElec rC+ Regen+ rCorr}
HPRegen 1.28/turn               N - ring of Illuumiq {rN++ rCorr Int-3 Dex+2 SInv}
MPRegen 0.25/turn               O - ring "Unwegog" {rN+ Will+ Str+3}

@: no status effects
A: horns 2, retaliatory headbutt, fangs 1, screaming 1, inability to read while
threatened
0: Orb of Zot
}: 17/17 runes: decaying, serpentine, barnacled, slimy, elven, silver, golden,
iron, obsidian, icy, bone, abyssal, glowing, magical, fiery, dark, gossamer
a: Renounce Religion, Potion Petition, Call Merchant, Bribe Branch


You escaped.
You worshipped Gozag.
Gozag was extremely pleased with you.
You visited 1 branch You collected 59913 gold pieces.
You spent 11255 gold pieces at shops.
You paid 26951 gold pieces to Gozag.

Inventory:

Hand Weapons
 a - a +9 double sword of holy wrath (weapon)
 r - a +3 vampiric long sword
 z - a +4 scimitar of flaming
Missiles
 G - 3 silver javelins (quivered)
Armour
 b - the +6 scale mail "Beoliec" (worn) {rN+ Str+9 Dex+5}
   (You bought it in a shop in the Dungeon)

   Str:       It affects your strength (+9).
   Dex:       It affects your dexterity (+5).
   rN:        It protects you from negative energy.
 c - the +3 warlock's mirror {reflect}
   (You found it in the Dungeon)

   It can block and reflect piercing ranged attacks and magical attacks against
   the wielder's willpower.
 i - a +2 pair of gloves of infusion (worn)
 m - the +3 pair of seven-league boots (worn) {Rampage+∞}
   (You bought it in a shop in the Dungeon)

   Its wearer moves as far as possible in that direction when moving towards
   enemies.
 x - the +2 shield of Resistance (worn) {rF++ rC++ Will++}
   (You bought it in a shop in the Dungeon)

   rF:        It greatly protects you from fire.
   rC:        It greatly protects you from cold.
   Will:      It greatly increases your willpower.
 A - the +3 cloak of the Endless Expanse (worn) {SInv}
   (You bought it in a shop in the Dungeon)

   SInv:      It lets you see invisible.
 F - a +1 hat (worn)
Jewellery
 B - the amulet of Accord {Spirit rN+ Str+3 Int-2}
   (You bought it in a shop in the Dungeon)

   [amulet of guardian spirit]

   It causes incoming damage to be divided between your reserves of health and
   magic.
   Str:       It affects your strength (+3).
   Int:       It affects your intelligence (-2).
   rN:        It protects you from negative energy.
 L - the ring of Bywonypehi {Str+4 Dex+3}
   (You found it in the Dungeon)

   [ring of dexterity]

   Str:       It affects your strength (+4).
   Dex:       It affects your dexterity (+3).
 M - the amulet of Nawnul (around neck) {rElec rC+ Regen+ rCorr}
   (You found it in the Dungeon)

   [amulet of regeneration]

   rC:        It protects you from cold.
   rElec:     It insulates you from electricity.
   Regen:     It increases your rate of health regeneration.
   rCorr:     It protects you from acid and corrosion.
 N - the ring of Illuumiq (left hand) {rN++ rCorr Int-3 Dex+2 SInv}
   (You found it in the Dungeon)

   [ring of resist corrosion]

   Int:       It affects your intelligence (-3).
   Dex:       It affects your dexterity (+2).
   rN:        It greatly protects you from negative energy.
   SInv:      It lets you see invisible.
   rCorr:     It protects you from acid and corrosion.
 O - the ring "Unwegog" (right hand) {rN+ Will+ Str+3}
   (You found it in the Dungeon)

   [ring of willpower]

   Str:       It affects your strength (+3).
   rN:        It protects you from negative energy.
   Will:      It increases your willpower.
Scrolls
 g - a scroll of immolation
 j - 9 scrolls of blinking
 k - 3 scrolls of amnesia
 o - a scroll of summoning
 p - a scroll of identify
 s - 2 scrolls of brand weapon
 v - 7 scrolls of fog
 y - 5 scrolls of fear
 J - 8 scrolls of enchant armour
Potions
 d - 4 potions of heal wounds
 e - 9 potions of curing
 f - a potion of brilliance
 h - 9 potions of magic
 l - 2 potions of might
 n - 2 potions of degeneration {unknown}
 t - a potion of attraction
 u - 3 potions of lignification
 w - 3 potions of berserk rage
 H - 7 potions of haste
Miscellaneous
 q - a lightning rod (4/4)
 C - a condenser vane
 D - the horn of Geryon
 E - a piece from Xom's chessboard (15/15)


   Skills:
 O Level 27 Fighting
 + Level 17.8(23.5) Short Blades
 O Level 27 Long Blades
 + Level 19.1(24.8) Axes
 + Level 19.2(24.7) Maces & Flails
 + Level 19.2(24.6) Polearms
 + Level 18.6(24.4) Staves
 - Level 3.2(19.7) Slings
 - Level 1.4 Bows
 - Level 1.4 Crossbows
 O Level 27 Throwing
 O Level 27 Armour
 O Level 27 Dodging
 O Level 27 Stealth
 O Level 27 Shields
 - Level 1.4 Unarmed Combat
 + Level 11.5 Spellcasting
 - Level 0.9 Conjurations
 - Level 0.9 Hexes
 - Level 0.9 Summonings
 - Level 0.9 Necromancy
 + Level 12.5 Translocations
 - Level 1.0 Transmutations
 - Level 1.0 Fire Magic
 - Level 1.0 Ice Magic
 - Level 1.0 Air Magic
 - Level 1.1 Earth Magic
 - Level 1.0 Poison Magic
 + Level 15.8 Invocations
 O Level 27 Evocations


You had 44 spell levels left.
You didn't know any spells.
Your spell library contained the following spells:

 Spells                   Type           Power      Damage    Failure   Level
 Blink                    Tloc           12%        N/A       1%          2
 Lesser Beckoning         Tloc           6%         N/A       1%          3
 Manifold Assault         Tloc           6%         N/A       4%          5


Dungeon Overview and Level Annotations

Branches:
Dungeon (1/1)

Altars:
Cheibriados
Dithmenos
Elyvilon
Fedhas
Gozag
Hepliaklqana
Kikubaaqudgha
Makhleb
Nemelex Xobeh
Okawaru
Qazlal
Ru
Sif Muna
Trog
Uskayaw
Vehumet
Wu Jian
Xom
Yredelemnul
Zin
The Shining One
Beogh
Jiyva
Lugonu

Shops:
D [!!*![*[??(([([*=


Innate Abilities, Weirdness & Mutations

You have a pair of horns on your head.
You reflexively headbutt those who attack you in melee.
You have very sharp teeth.
You occasionally shout uncontrollably at your foes.
You sometimes lose the ability to read scrolls when taking damage.


Message History

There is a blossoming altar of Fedhas here.
There is an opulent altar of Gozag here.
You now have 21455 gold pieces (gained 153).
There is a hazy altar of Hepliaklqana here.
There is an opulent altar of Gozag here.
There is a hazy altar of Hepliaklqana here.
You now have 21707 gold pieces (gained 252).
There is an ancient bone altar of Kikubaaqudgha here.
There is a corrupted altar of Lugonu here.
There is a burning altar of Makhleb here.
There is a corrupted altar of Lugonu here.
There is an ancient bone altar of Kikubaaqudgha here.
There is a hazy altar of Hepliaklqana here.
There is an opulent altar of Gozag here.
There is a blossoming altar of Fedhas here.
There is a white marble altar of Elyvilon here.
There is a shadowy altar of Dithmenos here.
There is a snail-covered altar of Cheibriados here.
There is a roughly hewn altar of Beogh here.
There is a snail-covered altar of Cheibriados here.
There is a shadowy altar of Dithmenos here.
There is a white marble altar of Elyvilon here.
There is a blossoming altar of Fedhas here.
There is an opulent altar of Gozag here.
There is a hazy altar of Hepliaklqana here.
You can't go down here!
There is a hazy altar of Hepliaklqana here.
There is an opulent altar of Gozag here.
There is a blossoming altar of Fedhas here.
There is a white marble altar of Elyvilon here.
There is a shadowy altar of Dithmenos here.
There is a snail-covered altar of Cheibriados here.
There is a roughly hewn altar of Beogh here.
There is an open door to the Temple here.
There is an open door, spattered with blood here.
You see here a +0 club.
There is an open door to the Dungeon here.
You see here a +2 short sword of venom.
There is a staircase leading out of the dungeon here.
You have escaped!

▓▓▓▓▓▓▓▓▓▓▓▓▓▓▓▓▓▓
.L2▓...▓.).▓...▓@▓
.▓4▓.▓.▓.▓.▓.▓.▓.▓
.▓.▓.▓.▓.▓.▓.▓.▓.▓
.▓.▓.▓.▓.▓.▓.▓.▓.▓
.▓.▓.▓.▓.▓[▓.▓.▓)▓
.▓.▓.▓)▓.▓.▓.▓.▓.▓
.▓.▓.▓)▓.▓.▓.▓.▓.▓
.▓.▓.▓.▓.▓)▓'▓.▓.▓
.▓.▓.▓.▓.▓.▓.▓.▓.▓


There were no monsters in sight!

Vanquished Creatures
  Cerebov (D)
  Antaeus (D)
  Asmodeus (D)
  the Royal Jelly (D)
  Ereshkigal (D)
  Gloorx Vloq (D)
  Lom Lobon (D)
  Mnoleg (D)
  3 orbs of fire (D)
  Dispater (D)
  3 ancient liches (D)
  Mara (D)
  4 pandemonium lords (D)
  6 royal mummies (D)
  A Killer Klown (D)
  Sojobo (D)
  Xtahua (D)
  Geryon (D)
  A curse toe (D)
  Nikola (D)
  A bone dragon (D)
  2 golden dragons (D)
  Jory (D)
  2 electric golems (D)
  A Brimstone Fiend (D)
  2 Tzitzimimeh (D)
  Rupert (D)
  A Hell Sentinel (D)
  4 deep elf blademasters (D)
  An Ice Fiend (D)
  4 tentacled monstrosities (D)
  8 liches (D)
  A titan (D)
  9 acid blobs (D)
  32 Orb Guardians (D)
  A quicksilver dragon (D)
  4 deep elf master archers (D)
  A death cob (D)
  12 sphinxes (D)
  3 storm dragons (D)
  4 nagarajas (D)
  4 tengu reavers (D)
  3 draconian monks (D)
  4 azure jellies (D)
  12 shadow dragons (D)
  Ilsuiw (D)
  2 demonspawn warmongers (D)
  A daeva (D)
  3 draconian knights (D)
  6 rockslimes (D)
  2 vault wardens (D)
  3 deep elf sorcerers (D)
  3 frost giants (D)
  3 fire giants (D)
  Louise (D)
  2 balrugs (D)
  An iron dragon (D)
  4 emperor scorpions (D)
  A draconian stormcaller (D)
  4 ghost moths (D)
  Aizul (D)
  2 draconian scorchers (D)
  A draconian shifter (D)
  3 reapers (D)
  2 quicksilver oozes (D)
  6 very ugly things (D)
  A draconian annihilator (D)
  5 stone giants (D)
  A demonspawn blood saint (D)
  3 ironbound preservers (D)
  2 green draconians (D)
  3 black draconians (D)
  A deep elf demonologist (D)
  7 vampire knights (D)
  3 bunyips (D)
  2 yellow draconians (D)
  2 lorocyprocas (D)
  4 red draconians (D)
  A dire elephant (D)
  2 purple draconians (D)
  4 white draconians (D)
  3 deep elf death magi (D)
  5 merfolk javelineers (D)
  5 mummy priests (D)
  A green death (D)
  2 blizzard demons (D)
  4 fire dragons (D)
  Josephine (D)
  7 ettins (D)
  A shambling mangrove (D)
  4 yaktaur captains (D)
  4 merfolk impalers (D)
  26 vault guards (D)
  2 great orbs of eyes (D)
  A boulder beetle (D)
  An ironbound thunderhulk (D)
  2 naga warriors (D)
  A hell beast (D)
  A rakshasa (D)
  2 ice dragons (D)
  4 hydras (D)
  An ironbound frostheart (D)
  3 spriggan air magi (D)
  2 two-headed ogres (D)
  A death knight (D)
  3 peacekeepers (D)
  2 ogre magi (D)
  A centaur warrior (D)
  Erica (D)
  3 tengu warriors (D)
  An anaconda (D)
  2 merfolk aquamancers (D)
  4 hell hogs (D)
  A deep troll earth mage (D)
  A spriggan berserker (D)
  4 sun demons (D)
  2 naga sharpshooters (D)
  2 soul eaters (D)
  3 sixfirhies (D)
  5 large abominations (D)
  2 glowing orange brains (D)
  A shadow demon (D)
  8 swamp dragons (D)
  A phantasmal warrior (D)
  2 naga ritualists (D)
  A harpy (D)
  2 orc knights (D)
  2 ironbound convokers (D)
  A necromancer (D)
  A wizard (D)
  An orb spider (D)
  4 wolf spiders (D)
  A mana viper (D)
  A manticore (D)
  8 orc sorcerers (D)
  3 ugly things (D)
  A will-o-the-wisp (D)
  A salamander (D)
  4 cyclopes (D)
  10 moths of wrath (D)
  A naga mage (D)
  4 guardian serpents (D)
  4 vault sentinels (D)
  2 black mambas (D)
  An orange demon (D)
  3 cane toads (D)
  A hellion (D)
  2 rime drakes (D)
  4 efreet (D)
  3 tormentors (D)
  2 komodo dragons (D)
  2 demonic crawlers (D)
  A hellwing (D)
  4 jumping spiders (D)
  17 guardian mummies (D)
  An ancient zyme (D)
  A red devil (D)
  3 hornets (D)
  4 tyrant leeches (D)
  A troll (shapeshifter) (D)
  A wandering mushroom (D)
  A wind drake (D)
  2 blink frogs (D)
  2 merfolk (D)
  A raiju (D)
  2 snapping turtles (D)
  2 redbacks (D)
  11 spriggans (D)
  A wyvern (D)
  2 water elementals (D)
  2 basilisks (D)
  4 wraiths (D)
  3 golden eyes (D)
  Grum (D)
  2 vampire mosquitoes (D)
  2 neqoxecs (D)
  4 nagas (D)
  3 small abominations (D)
  2 water moccasins (D)
  2 acid dragons (D)
  2 floating eyes (D)
  4 hell hounds (D)
  2 swamp drakes (D)
  An ice beast (shapeshifter) (D)
  9 orc warriors (D)
  A black bear (D)
  3 wolves (D)
  A centaur (D)
  6 bullfrogs (D)
  2 scorpions (D)
  A killer bee (D)
  A howler monkey (D)
  3 orc priests (D)
  8 orc wizards (D)
  A gnoll (D)
  An adder (D)
  A white imp (D)
  9 orcs (D)
  A ball python (D)
  An endoplasm (D)
  A hobgoblin (D)
  A kobold (D)
  A jackal zombie (D)
  A rat (D)
  2 ball lightnings (D)
592 creatures vanquished.

Vanquished Creatures (others)
  A demonspawn blood saint (D)
  7 ball lightnings (D)
8 creatures vanquished.

Grand Total: 600 creatures vanquished

Notes
Turn   | Place    | Note
-------+----------+-------------------------------------------
     0 | D        | mhtbhm the Minotaur Fighter began the quest for the Orb.
     0 | D        | Reached XP level 1. HP: 19/19 MP: 0/0
    53 | D        | Noticed a scorpion
    53 | D        | Noticed a black bear
    62 | D        | Reached XP level 2. HP: 28/28 MP: 1/1
    63 | D        | Killed a scorpion
    64 | D        | Reached XP level 3. HP: 37/37 MP: 2/2
    64 | D        | Reached XP level 4. HP: 44/44 MP: 3/3
    66 | D        | Killed a black bear
    67 | D        | Reached XP level 5. HP: 52/52 MP: 4/4
    78 | D        | Found a snail-covered altar of Cheibriados.
    78 | D        | Found a shadowy altar of Dithmenos.
    78 | D        | Found a white marble altar of Elyvilon.
    78 | D        | Found a blossoming altar of Fedhas.
    78 | D        | Found an opulent altar of Gozag.
    79 | D        | Found a hazy altar of Hepliaklqana.
    80 | D        | Found a viscous altar of Jiyva.
    81 | D        | Found an ancient bone altar of Kikubaaqudgha.
    82 | D        | Found a corrupted altar of Lugonu.
    83 | D        | Found a burning altar of Makhleb.
    84 | D        | Found a sparkling altar of Nemelex Xobeh.
    85 | D        | Found an iron altar of Okawaru.
    86 | D        | Became a worshipper of Gozag Ym Sagoz the Greedy
    87 | D        | Found a stormy altar of Qazlal.
    88 | D        | Found a sacrificial altar of Ru.
    89 | D        | Found a shimmering blue altar of Sif Muna.
    90 | D        | Found a bloodstained altar of Trog.
    91 | D        | Found a hide-covered altar of Uskayaw.
    92 | D        | Found a radiant altar of Vehumet.
    93 | D        | Found an ornate altar of the Wu Jian Council.
    94 | D        | Found a shimmering altar of Xom.
    95 | D        | Found a basalt altar of Yredelemnul.
    96 | D        | Found a glowing silver altar of Zin.
    97 | D        | Found a glowing golden altar of the Shining One.
   144 | D        | Noticed a two-headed ogre
   144 | D        | Noticed a two-headed ogre
   144 | D        | Noticed a wyvern
   156 | D        | Killed a two-headed ogre
   157 | D        | Reached skill level 10 in Fighting
   157 | D        | Reached skill level 10 in Long Blades
   157 | D        | Reached skill level 10 in Shields
   157 | D        | Reached XP level 6. HP: 36/67 MP: 5/5
   157 | D        | Reached XP level 7. HP: 39/73 MP: 6/6
   159 | D        | Reached skill level 10 in Armour
   164 | D        | Killed a wyvern
   169 | D        | Killed a two-headed ogre
   170 | D        | Reached skill level 1 in Evocations
   170 | D        | Reached XP level 8. HP: 8/83 MP: 7/7
   557 | D        | Noticed a cyclops
   557 | D        | Noticed a cyclops
   557 | D        | Noticed a cyclops
   557 | D        | Noticed a centaur warrior
   562 | D        | Killed a cyclops
   568 | D        | Reached XP level 9. HP: 52/92 MP: 8/8
   568 | D        | Noticed a troll
   571 | D        | Killed a cyclops
   576 | D        | Killed a cyclops
   580 | D        | Killed a centaur warrior
   582 | D        | Killed a troll
   583 | D        | Reached skill level 1 in Dodging
   817 | D        | Noticed a black mamba
   817 | D        | Noticed a komodo dragon
   822 | D        | Noticed a rime drake
   823 | D        | Killed a black mamba
   824 | D        | Reached skill level 15 in Long Blades
   824 | D        | Reached XP level 10. HP: 83/103 MP: 9/9
   955 | D        | Noticed a boulder beetle
   988 | D        | Killed a boulder beetle
  1182 | D        | Noticed a cane toad
  1183 | D        | Noticed a black mamba
  1188 | D        | Killed a cane toad
  1189 | D        | Reached skill level 15 in Fighting
  1222 | D        | Killed a black mamba
  1223 | D        | Reached skill level 5 in Stealth
  1537 | D        | Noticed a cane toad
  1538 | D        | Noticed a cane toad
  1822 | D        | Killed a cane toad
  1823 | D        | Reached XP level 11. HP: 114/114 MP: 10/10
  2299 | D        | Noticed Grum
  2317 | D        | Killed Grum
  2318 | D        | Reached skill level 5 in Dodging
  2402 | D        | Noticed Josephine
  2417 | D        | Killed Josephine
  2667 | D        | Reached skill level 15 in Shields
  2996 | D        | Noticed an orc sorcerer
  2996 | D        | Noticed an orc knight
  3000 | D        | Killed an orc sorcerer
  3440 | D        | Killed an orc knight
  3840 | D        | Found Xudoeh's Weapon Emporium.
  3840 | D        | Noticed an orc sorcerer
  3840 | D        | Noticed an orc sorcerer
  3840 | D        | Noticed an orc sorcerer
  3840 | D        | Noticed an orc sorcerer
  3843 | D        | Killed an orc sorcerer
  3846 | D        | Noticed a soul eater
  3847 | D        | Killed an orc sorcerer
  3849 | D        | Noticed a sixfirhy
  3851 | D        | Killed an orc sorcerer
  3857 | D        | Found Bepsot's Armour Shoppe.
  3859 | D        | Killed an orc sorcerer
  3863 | D        | Found Angebil's General Store.
  3867 | D        | Noticed an orc sorcerer
  3868 | D        | Found Biphat's Jewellery Shoppe.
  3876 | D        | Noticed an orc sorcerer
  3878 | D        | Killed an orc sorcerer
  3891 | D        | Noticed an orc sorcerer
  3899 | D        | Killed an orc sorcerer
  4213 | D        | Killed an orc sorcerer
  4431 | D        | Bought a +1 pair of gloves of infusion for 214 gold pieces
  4444 | D        | Bought a scroll of magic mapping for 42 gold pieces
  4444 | D        | Bought 3 scrolls of blinking for 270 gold pieces
  4444 | D        | Bought a scroll of blinking for 90 gold pieces
  4444 | D        | Bought a scroll of enchant weapon for 90 gold pieces
  4444 | D        | Bought a potion of heal wounds for 60 gold pieces
  4444 | D        | Bought a scroll of identify for 24 gold pieces
  4446 | D        | Bought an amulet of reflection for 300 gold pieces
  4566 | D        | Found the +3 warlock's mirror {reflect}
  4679 | D        | Noticed a white ugly thing
  4679 | D        | Noticed a brown ugly thing
  4679 | D        | Noticed a wizard
  4690 | D        | Noticed a red ugly thing
  4692 | D        | Noticed a fire giant
  4700 | D        | Reached XP level 12. HP: 101/129 MP: 0/11
  4707 | D        | Noticed a stone giant
  4710 | D        | Reached skill level 15 in Armour
  4720 | D        | Noticed a tengu warrior
  4728 | D        | Noticed a deep troll earth mage
  4731 | D        | Killed a fire giant
  4736 | D        | Noticed a fire dragon
  4742 | D        | Noticed an ettin
  4750 | D        | Killed a stone giant
  4753 | D        | Noticed an ettin
  4767 | D        | Killed a tengu warrior
  4772 | D        | Killed a deep troll earth mage
  4785 | D        | Killed a fire dragon
  4790 | D        | Killed an ettin
  4794 | D        | Killed an ettin
  5093 | D        | Noticed an anaconda
  5135 | D        | Killed an anaconda
  5230 | D        | Noticed a bunyip
  5230 | D        | Noticed a shambling mangrove
  5230 | D        | Noticed a bunyip
  5250 | D        | Killed a bunyip
  5251 | D        | Reached skill level 10 in Dodging
  5251 | D        | Reached XP level 13. HP: 74/143 MP: 0/12
  5254 | D        | Noticed a bunyip
  5275 | D        | Killed a bunyip
  5487 | D        | Killed a bunyip
  5589 | D        | Noticed an emperor scorpion
  5649 | D        | Killed an emperor scorpion
  6077 | D        | Noticed Erica
  6089 | D        | Killed Erica
  6140 | D        | Noticed a cyan very ugly thing
  6140 | D        | Noticed a fire giant
  6140 | D        | Noticed a stone giant
  6140 | D        | Noticed a stone giant
  6140 | D        | Noticed a lich
  6141 | D        | Noticed a purple very ugly thing
  6147 | D        | Killed a cyan very ugly thing
  6160 | D        | Killed a fire giant
  6160 | D        | Noticed a frost giant
  6164 | D        | Killed a stone giant
  6165 | D        | Noticed an ettin
  6171 | D        | Killed a stone giant
  6180 | D        | Killed a lich
  6181 | D        | Noticed a tengu reaver
  6187 | D        | Killed a purple very ugly thing
  6188 | D        | Noticed a tentacled monstrosity
  6211 | D        | Killed a frost giant
  6212 | D        | Reached skill level 10 in Stealth
  6661 | D        | Killed a tentacled monstrosity
  6662 | D        | Reached XP level 14. HP: 124/155 MP: 1/13
  6770 | D        | Killed a tengu reaver
  7146 | D        | Noticed a frost giant
  7169 | D        | Killed a frost giant
  7267 | D        | Noticed an ironbound preserver
  7267 | D        | Noticed a purple very ugly thing
  7284 | D        | Killed an ironbound preserver
  7309 | D        | Killed a purple very ugly thing
  7336 | D        | Noticed a vault warden
  7361 | D        | Noticed a purple very ugly thing
  7363 | D        | Noticed an ironbound preserver
  7366 | D        | Noticed a green very ugly thing
  7383 | D        | Killed a vault warden
  7667 | D        | Killed a purple very ugly thing
  7672 | D        | Killed an ironbound preserver
  7683 | D        | Killed a green very ugly thing
  7684 | D        | Noticed an ironbound preserver
  7714 | D        | Killed an ironbound preserver
  9293 | D        | Noticed an emperor scorpion
  9293 | D        | Noticed an emperor scorpion
  9310 | D        | Killed a ghost moth
  9322 | D        | Killed an emperor scorpion
  9336 | D        | Killed an emperor scorpion
  9347 | D        | Killed a ghost moth
  9707 | D        | Killed a ghost moth
  9740 | D        | Noticed an emperor scorpion
  9761 | D        | Killed an emperor scorpion
  9767 | D        | Noticed a nagaraja
  9768 | D        | Noticed a nagaraja
  9774 | D        | Reached skill level 15 in Dodging
  9775 | D        | Noticed a nagaraja
  9779 | D        | Killed a nagaraja
  9780 | D        | Reached XP level 15. HP: 128/171 MP: 0/14
  9784 | D        | Killed a nagaraja
  9786 | D        | Noticed a nagaraja
  9793 | D        | Killed a nagaraja
  9805 | D        | Killed a nagaraja
  9835 | D        | Got a serpentine rune of Zot
  9858 | D        | Got a gossamer rune of Zot
  9952 | D        | Noticed Ilsuiw
  9967 | D        | Killed Ilsuiw
 10005 | D        | Got a barnacled rune of Zot
 10231 | D        | Reached skill level 27 in Fighting
 10265 | D        | Reached skill level 27 in Shields
 10290 | D        | Got a decaying rune of Zot
 10339 | D        | Noticed Nikola
 10349 | D        | Killed Nikola
 10380 | D        | Noticed Aizul
 10397 | D        | Killed Aizul
 10559 | D        | Reached skill level 27 in Long Blades
 10612 | D        | Reached skill level 1 in Throwing
 10644 | D        | Reached skill level 15 in Stealth
 10855 | D        | Reached XP level 16. HP: 133/183 MP: 0/15
 10861 | D        | Reached skill level 5 in Throwing
 11011 | D        | Bought the +3 cloak of the Endless Expanse {SInv} for 521
                  | gold pieces
 11028 | D        | Bought the +6 scale mail "Beoliec" {rN+ Str+9 Dex+5} for
                  | 1268 gold pieces
 11036 | D        | Noticed a lich
 11052 | D        | Noticed a shadow dragon
 11057 | D        | Killed a lich
 11059 | D        | Noticed a shadow dragon
 11081 | D        | Killed a shadow dragon
 11090 | D        | Killed a shadow dragon
 11306 | D        | Noticed a shadow dragon
 11306 | D        | Noticed a titan
 11306 | D        | Noticed a shadow dragon
 11306 | D        | Noticed a tentacled monstrosity
 11306 | D        | Noticed a shadow dragon
 11319 | D        | Killed a shadow dragon
 11324 | D        | Killed a titan
 11326 | D        | Noticed a shadow dragon
 11330 | D        | Killed a tentacled monstrosity
 11339 | D        | Killed a shadow dragon
 11352 | D        | Killed a shadow dragon
 11365 | D        | Killed a shadow dragon
 11371 | D        | Identified the +6 shortbow of the Forgotten Xalams {venom,
                  | rElec rF++ Dex-4}
 11475 | D        | Got a silver rune of Zot
 11485 | D        | Noticed Jory
 11497 | D        | Killed Jory
 11586 | D        | Noticed Louise
 11588 | D        | Noticed a tengu reaver
 11589 | D        | Noticed a tengu reaver
 11590 | D        | Noticed Sojobo
 11596 | D        | Killed Louise
 11605 | D        | Killed a tengu reaver
 11608 | D        | Killed a tengu reaver
 11634 | D        | Killed Sojobo
 11747 | D        | Noticed Xtahua
 11749 | D        | Noticed Rupert
 11755 | D        | Killed Xtahua
 11758 | D        | Killed Rupert
 11873 | D        | Got the ring of Zoitoes {Fly rF+}
 11875 | D        | Got the ring of Bywonypehi {Str+4 Dex+3}
 11877 | D        | Got the amulet of Nawnul {rElec rC+ Regen+ rCorr}
 11879 | D        | Got the ring of Illuumiq {rN++ rCorr Int-3 Dex+2 SInv}
 11881 | D        | Got the ring "Unwegog" {rN+ Will+ Str+3}
 12007 | D        | Noticed Mara
 12018 | D        | Killed Mara
 12067 | D        | Noticed a tengu reaver
 12067 | D        | Noticed a lich
 12081 | D        | Killed a tengu reaver
 12084 | D        | Killed a lich
 12106 | D        | Reached skill level 10 in Throwing
 12226 | D        | Reached XP level 17. HP: 191/191 MP: 10/16
 12240 | D        | Noticed a bone dragon
 12252 | D        | Killed a bone dragon
 12363 | D        | Noticed a quicksilver dragon
 12366 | D        | Killed a quicksilver dragon
 12429 | D        | Bought a scroll of summoning for 171 gold pieces
 12429 | D        | Bought a scroll of blinking for 135 gold pieces
 12429 | D        | Bought a scroll of enchant armour for 135 gold pieces
 12429 | D        | Bought a scroll of fear for 63 gold pieces
 12437 | D        | Noticed a golden dragon
 12457 | D        | Killed a golden dragon
 12686 | D        | Reached skill level 27 in Dodging
 12690 | D        | Noticed a tentacled monstrosity
 12695 | D        | Killed a tentacled monstrosity
 12986 | D        | Bought a scroll of enchant weapon for 112 gold pieces
 12986 | D        | Bought a scroll of enchant weapon for 112 gold pieces
 12986 | D        | Bought a scroll of enchant armour for 112 gold pieces
 12991 | D        | Noticed an Orb Guardian
 12991 | D        | Noticed an Orb Guardian
 12991 | D        | Noticed an Orb Guardian
 12991 | D        | Noticed an Orb Guardian
 12991 | D        | Noticed an Orb Guardian
 12991 | D        | Noticed an Orb Guardian
 12992 | D        | Noticed an Orb Guardian
 12997 | D        | Killed an Orb Guardian
 13001 | D        | Noticed an Orb Guardian
 13005 | D        | Killed an Orb Guardian
 13008 | D        | Killed an Orb Guardian
 13011 | D        | Killed an Orb Guardian
 13015 | D        | Killed an Orb Guardian
 13019 | D        | Killed an Orb Guardian
 13019 | D        | Noticed an Orb Guardian
 13020 | D        | Reached skill level 15 in Throwing
 13022 | D        | Killed an Orb Guardian
 13025 | D        | Killed an Orb Guardian
 13026 | D        | Noticed an Orb Guardian
 13032 | D        | Killed an Orb Guardian
 13037 | D        | Killed an Orb Guardian
 13147 | D        | Noticed a tentacled monstrosity
 13147 | D        | Noticed an Orb Guardian
 13147 | D        | Noticed an Orb Guardian
 13149 | D        | Killed an Orb Guardian
 13150 | D        | Killed a tentacled monstrosity
 13150 | D        | Killed an Orb Guardian
 13150 | D        | Noticed an Orb Guardian
 13151 | D        | Reached skill level 27 in Stealth
 13152 | D        | Noticed an Orb Guardian
 13158 | D        | Killed an Orb Guardian
 13162 | D        | Killed an Orb Guardian
 13163 | D        | Reached XP level 18. HP: 186/200 MP: 6/17
 13232 | D        | Noticed an ancient lich
 13235 | D        | Killed an ancient lich
 13239 | D        | Noticed an orb of fire
 13248 | D        | Gained mutation: You are frail. (-10% HP) [an orb of fire]
 13250 | D        | Killed an orb of fire
 13251 | D        | Lost mutation: You are frail. (-10% HP) [potion of
                  | mutation]
 13251 | D        | Gained mutation: Your muscles are strong. (Str +2) [potion
                  | of mutation]
 13251 | D        | Gained mutation: You are clumsy. (Dex -2) [potion of
                  | mutation]
 13357 | D        | Noticed an electric golem
 13368 | D        | Killed an electric golem
 13387 | D        | Noticed an orb of fire
 13387 | D        | Noticed an ancient lich
 13387 | D        | Noticed an Orb Guardian
 13387 | D        | Noticed an Orb Guardian
 13390 | D        | Killed an ancient lich
 13390 | D        | Killed an Orb Guardian
 13390 | D        | Killed an Orb Guardian
 13390 | D        | Noticed a curse toe
 13666 | D        | Gained mutation: You sometimes lose the ability to read
                  | scrolls when taking damage. [an orb of fire]
 13670 | D        | Noticed an orb of fire
 13681 | D        | Killed an orb of fire
 13688 | D        | Killed an orb of fire
 13938 | D        | Killed a curse toe
 13961 | D        | Noticed an electric golem
 13979 | D        | Killed an electric golem
 13981 | D        | Noticed a Killer Klown
 14008 | D        | Noticed a golden dragon
 14015 | D        | Killed a golden dragon
 14034 | D        | Killed a Killer Klown
 14211 | D        | Noticed an Orb Guardian
 14211 | D        | Noticed an Orb Guardian
 14211 | D        | Noticed an Orb Guardian
 14211 | D        | Noticed an Orb Guardian
 14211 | D        | Noticed an Orb Guardian
 14211 | D        | Noticed an Orb Guardian
 14218 | D        | Killed an Orb Guardian
 14219 | D        | Reached skill level 27 in Armour
 14224 | D        | Killed an Orb Guardian
 14229 | D        | Killed an Orb Guardian
 14237 | D        | Killed an Orb Guardian
 14240 | D        | Noticed an Orb Guardian
 14243 | D        | Killed an Orb Guardian
 14244 | D        | Reached skill level 27 in Throwing
 14247 | D        | Noticed an Orb Guardian
 14248 | D        | Reached skill level 5 in Evocations
 14249 | D        | Killed an Orb Guardian
 14250 | D        | Reached skill level 1 in Short Blades
 14250 | D        | Reached skill level 1 in Axes
 14250 | D        | Reached skill level 1 in Maces & Flails
 14250 | D        | Reached skill level 1 in Polearms
 14250 | D        | Reached skill level 1 in Staves
 14250 | D        | Reached skill level 1 in Slings
 14250 | D        | Reached skill level 1 in Bows
 14250 | D        | Reached skill level 1 in Crossbows
 14250 | D        | Reached skill level 1 in Unarmed Combat
 14250 | D        | Reached skill level 1 in Invocations
 14250 | D        | Noticed an Orb Guardian
 14252 | D        | Killed an Orb Guardian
 14253 | D        | Reached skill level 1 in Transmutations
 14253 | D        | Reached skill level 1 in Fire Magic
 14253 | D        | Reached skill level 1 in Ice Magic
 14253 | D        | Reached skill level 1 in Air Magic
 14253 | D        | Reached skill level 1 in Earth Magic
 14253 | D        | Reached skill level 1 in Poison Magic
 14258 | D        | Killed an Orb Guardian
 14259 | D        | Reached skill level 1 in Spellcasting
 14259 | D        | Reached skill level 1 in Translocations
 14266 | D        | Killed an Orb Guardian
 14343 | D        | Noticed an Orb Guardian
 14344 | D        | Noticed an Orb Guardian
 14346 | D        | Noticed an Orb Guardian
 14350 | D        | Killed an Orb Guardian
 14352 | D        | Killed an Orb Guardian
 14359 | D        | Killed an Orb Guardian
 14496 | D        | Noticed an ancient lich
 14496 | D        | Noticed a lich
 14497 | D        | Noticed a lich
 14497 | D        | Killed a lich
 14498 | D        | Reached skill level 5 in Polearms
 14499 | D        | Reached skill level 5 in Short Blades
 14499 | D        | Reached skill level 5 in Axes
 14499 | D        | Reached skill level 5 in Maces & Flails
 14499 | D        | Reached skill level 5 in Staves
 14500 | D        | Killed an ancient lich
 14501 | D        | Reached skill level 5 in Invocations
 14504 | D        | Killed a lich
 14505 | D        | Noticed a lich
 14512 | D        | Killed a lich
 14513 | D        | Paralysed by a vampire knight for 4 turns
 14684 | D        | Reached XP level 19. HP: 207/207 MP: 17/24
 14808 | D        | Bought a lightning rod (4/4) for 930 gold pieces
 14808 | D        | Bought a scroll of enchant armour for 232 gold pieces
 14808 | D        | Bought 2 scrolls labelled LOHA YDDOANANT for 62 gold pieces
 14808 | D        | Bought a sapphire potion for 27 gold pieces
 14808 | D        | Bought a potion of berserk rage for 155 gold pieces
 14808 | D        | Bought a scroll of fog for 62 gold pieces
 14810 | D        | Bought a vibrating lead amulet for 165 gold pieces
 14810 | D        | Identified the amulet of Accord {Spirit rN+ Str+3 Int-2}
                  | (You bought it in a shop in the Dungeon)
 14810 | D        | Bought a condenser vane for 1320 gold pieces
 14817 | D        | Bought a heavily runed chain mail for 199 gold pieces
 14817 | D        | Identified the +0 chain mail "Jyaluqo" {rElec rC+ rCorr}
                  | (You bought it in a shop in the Dungeon)
 14822 | D        | Bought the +3 pair of seven-league boots {Rampage+∞} for
                  | 480 gold pieces
 14822 | D        | Found the +3 pair of seven-league boots {Rampage+∞}
 14837 | D        | Reached skill level 5 in Translocations
 14840 | D        | Reached skill level 10 in Evocations
 14876 | D        | Got an elven rune of Zot
 14924 | D        | Reached skill level 15 in Evocations
 14996 | D        | Noticed the Royal Jelly
 15007 | D        | Killed the Royal Jelly
 15026 | D        | Lost mutation: Your muscles are strong. (Str +2) [potion of
                  | mutation]
 15026 | D        | Lost mutation: You are clumsy. (Dex -2) [potion of
                  | mutation]
 15026 | D        | Lost mutation: You sometimes lose the ability to read
                  | scrolls when taking damage. [potion of mutation]
 15026 | D        | Gained mutation: You are partially covered in iridescent
                  | scales. (AC +2) [potion of mutation]
 15026 | D        | Gained mutation: You have large cloven feet. [potion of
                  | mutation]
 15026 | D        | Gained mutation: Your muscles are strong. (Str +2) [potion
                  | of mutation]
 15026 | D        | Gained mutation: You passively map a small area around you.
                  | [potion of mutation]
 15027 | D        | Lost mutation: You are partially covered in iridescent
                  | scales. (AC +2) [potion of mutation]
 15027 | D        | Lost mutation: You passively map a small area around you.
                  | [potion of mutation]
 15027 | D        | Gained mutation: You have hidden genetic defects. [potion
                  | of mutation]
 15083 | D        | Got a slimy rune of Zot
 15443 | D        | Gained mutation: Your magical capacity is low. (-10% MP)
                  | [hidden defects]
 15555 | D        | Bought a potion of curing for 42 gold pieces
 15555 | D        | Bought a potion of heal wounds for 70 gold pieces
 15555 | D        | Bought a potion of heal wounds for 70 gold pieces
 15555 | D        | Bought a potion of curing for 42 gold pieces
 15555 | D        | Bought 3 potions of berserk rage for 210 gold pieces
 15555 | D        | Bought a potion of haste for 140 gold pieces
 15555 | D        | Bought a potion of might for 56 gold pieces
 15555 | D        | Bought a potion of experience for 700 gold pieces
 15555 | D        | Bought a potion of mutation for 112 gold pieces
 15555 | D        | Lost mutation: Your magical capacity is low. (-10% MP)
                  | [potion of mutation]
 15555 | D        | Lost mutation: You have hidden genetic defects. [potion of
                  | mutation]
 15555 | D        | Lost mutation: Your muscles are strong. (Str +2) [potion of
                  | mutation]
 15555 | D        | Lost mutation: You have large cloven feet. [potion of
                  | mutation]
 15555 | D        | Gained mutation: You have very sharp teeth. [potion of
                  | mutation]
 15555 | D        | Lost intelligence.
 15555 | D        | Gained mutation: You are dopey. (Int -2) [potion of
                  | mutation]
 15560 | D        | Reached XP level 20. HP: 216/216 MP: 23/26
 15682 | D        | Noticed a royal mummy
 15686 | D        | Killed a royal mummy
 15999 | D        | Noticed a royal mummy
 15999 | D        | Noticed a royal mummy
 15999 | D        | Noticed a royal mummy
 15999 | D        | Noticed a royal mummy
 16000 | D        | Noticed a royal mummy
 16003 | D        | Killed a royal mummy
 16004 | D        | Reached skill level 27 in Evocations
 16004 | D        | Killed a royal mummy
 16004 | D        | Killed a royal mummy
 16004 | D        | Killed a royal mummy
 16005 | D        | Reached skill level 5 in Spellcasting
 16005 | D        | Killed a royal mummy
 16006 | D        | Reached skill level 10 in Axes
 16006 | D        | Reached skill level 10 in Maces & Flails
 16006 | D        | Reached skill level 10 in Polearms
 16052 | D        | Reached skill level 10 in Staves
 16073 | D        | Got a golden rune of Zot
 16114 | D        | Reached XP level 21. HP: 224/224 MP: 29/29
 16127 | D        | Reached skill level 10 in Short Blades
 16140 | D        | Got an abyssal rune of Zot
 16316 | D        | Bought the +2 shield of Resistance {rF++ rC++ Will++} for
                  | 1622 gold pieces
 16316 | D        | Found the +2 shield of Resistance {rF++ rC++ Will++}
 16329 | D        | Noticed Geryon
 16344 | D        | Killed Geryon
 16347 | D        | Bought a potion of heal wounds for 105 gold pieces
 16347 | D        | Bought a potion of heal wounds for 105 gold pieces
 16347 | D        | Bought a potion of mutation for 168 gold pieces
 16347 | D        | Lost mutation: You are dopey. (Int -2) [potion of mutation]
 16347 | D        | Gained mutation: You sometimes lose the ability to read
                  | scrolls when taking damage. [potion of mutation]
 16356 | D        | Noticed Antaeus
 16356 | D        | Noticed Mnoleg
 16358 | D        | Found the +4 staff of Dispater
 16358 | D        | Noticed Dispater
 16364 | D        | Found the +7 sceptre of Asmodeus
 16364 | D        | Noticed Asmodeus
 16370 | D        | Killed Antaeus
 16392 | D        | Killed Mnoleg
 16393 | D        | Reached skill level 10 in Invocations
 16406 | D        | Found the +6 sword of Cerebov {flame}
 16406 | D        | Noticed Cerebov
 16407 | D        | Killed Asmodeus
 16792 | D        | Killed Dispater
 16831 | D        | Killed Cerebov
 16837 | D        | Got an icy rune of Zot
 16892 | D        | Got a glowing rune of Zot
 16970 | D        | Got an iron rune of Zot
 16972 | D        | Noticed Gloorx Vloq
 16975 | D        | Bought a potion of curing for 42 gold pieces
 16975 | D        | Bought a potion of haste for 140 gold pieces
 16975 | D        | Bought a potion of resistance for 140 gold pieces
 16975 | D        | Bought a potion of haste for 140 gold pieces
 16978 | D        | Noticed Ereshkigal
 16978 | D        | Noticed Lom Lobon
 16987 | D        | Killed Gloorx Vloq
 16988 | D        | HP: 10/224 [Lom Lobon/great icy blast (44)]
 17004 | D        | Killed Ereshkigal
 17005 | D        | Reached skill level 15 in Axes
 17005 | D        | Reached skill level 15 in Maces & Flails
 17005 | D        | Reached skill level 15 in Polearms
 17025 | D        | Killed Lom Lobon
 17026 | D        | Reached skill level 10 in Translocations
 17058 | D        | Got an obsidian rune of Zot
 17180 | D        | Got a fiery rune of Zot
 17184 | D        | Got a dark rune of Zot
 17188 | D        | Got a bone rune of Zot
 17192 | D        | Got a magical rune of Zot
 17699 | D        | Got the Orb of Zot
 17785 | D        | Reached skill level 15 in Staves
 18072 | D        | Noticed Qiapru Fusk the pandemonium lord
 18077 | D        | Killed Qiapru Fusk the pandemonium lord
 18084 | D        | Reached skill level 15 in Short Blades
 18487 | D        | Noticed Disuwurgh the pandemonium lord
 18499 | D        | Killed Disuwurgh the pandemonium lord
 18500 | D        | Reached skill level 10 in Spellcasting
 19046 | D        | Noticed Empedi the pandemonium lord
 19063 | D        | Gained mutation: You occasionally shout uncontrollably at
                  | your foes. [a shining eye]
 19071 | D        | Killed Empedi the pandemonium lord
 19246 | D        | Reached skill level 15 in Invocations
 19574 | D        | Reached XP level 22. HP: 233/233 MP: 24/36
 19638 | D        | Noticed Ecroluf the pandemonium lord
 19655 | D        | Killed Ecroluf the pandemonium lord
 19724 | D        | Escaped with the Orb!

Illustrated notes

Levels and vault maps discovered:
D:        linesprint [early_d, line_temple, items_1, d_10, items_2, lair_1,
          lair_end, items_3, orc_1, orc_end, items_4, d_15, swamp_1, shoals_1,
          snake_1, spider_1, d_20, vaults_1, items_5, swamp_end, shoals_end,
          snake_end, spider_end, vaults_end, d_27, items_6, zot_1, zot_end,
          crypt_end, forest_end, elf_end, slime_end, tomb_end, abyss_end,
          pan_hell_end]

Skill      XL: |  1  2  3  4  5  6  7  8  9 10 11 12 13 14 15 16 17 18 19 20 21 22 |
---------------+-------------------------------------------------------------------+-----
Fighting       | 4 6 7 10 12 14 16 18 21 22 25 27 | 27.0
Armour         | 4 6 7 9 11 12 13 14 15 16 17 18 21 24 27 | 27.0
Shields        | 4 6 7 10 12 13 14 16 18 21 25 27 | 27.0
Long Blades    | 3 4 6 10 12 15 17 19 21 23 25 27 | 27.0
Stealth        | 2 3 4 5 6 8 10 11 15 22 27 | 27.0
Evocations     | 1 2 3 4 7 25 27 | 27.0
Dodging        | 1 4 7 10 12 15 19 24 27 | 27.0
Throwing       | 4 10 18 27 | 27.0
Short Blades   | 7 9 17 | 17.8
Axes           | 7 8 10 18 19 | 19.1
Maces & Flails | 7 8 10 18 19 | 19.2
Polearms       | 7 8 10 18 19 | 19.2
Staves         | 7 8 10 18 | 18.6
Slings         | 1 3 |  3.2
Bows           | 1 |  1.4
Crossbows      | 1 |  1.4
Unarmed Combat | 1 |  1.4
Invocations    | 6 8 15 | 15.8
Transmutations | 1 |  1.0
Fire Magic     | 1 |  1.0
Ice Magic      | 1 |  1.0
Air Magic      | 1 |  1.0
Earth Magic    | 1 |  1.1
Poison Magic   | 1 |  1.0
Spellcasting   | 4 6 11 | 11.5
Translocations | 4 5 6 12 | 12.5
Conjurations   | |  0.9
Hexes          | |  0.9
Summonings     | |  0.9
Necromancy     | |  0.9

Action                   |  1- 3 |  4- 6 |  7- 9 | 10-12 | 13-15 | 16-18 | 19-21 | 22-24 || total
-------------------------+-------+-------+-------+-------+-------+-------+-------+-------++-------
Melee: Long sword        |    17 |     8 |       |   242 |   404 |       |       |       ||   671
       Scimitar          |       |     8 |    25 |   232 |   403 |   147 |       |       ||   815
       Headbutt          |       |     5 |     8 |   117 |   228 |   159 |   138 |     5 ||   660
       Double sword      |       |       |       |       |       |   322 |   438 |    21 ||   781
       Bite              |       |       |       |       |       |       |    55 |     2 ||    57
Throw: Javelin           |       |       |       |       |     8 |    40 |    31 |     1 ||    80
Invok: Potion Petition   |       |       |       |     1 |     1 |     2 |     5 |       ||     9
       Call Merchant     |       |       |       |       |       |     5 |     9 |       ||    14
Evoke: Wand              |       |       |     5 |     4 |     1 |       |       |       ||    10
       Condenser vane    |       |       |       |       |       |       |     2 |       ||     2
       Lightning rod     |       |       |       |       |       |       |     1 |       ||     1
  Use: Potion            |     1 |     4 |     2 |     5 |     5 |     3 |    32 |       ||    52
       Scroll            |       |       |       |     5 |     2 |     6 |     3 |       ||    16
 Stab: Invisible         |       |     2 |       |       |       |     1 |     2 |       ||     5
       Sleeping          |       |       |       |     2 |     3 |     8 |       |       ||    13
       Distracted        |       |       |       |     9 |    12 |    22 |     7 |       ||    50
       Confused          |       |       |       |       |     1 |       |       |       ||     1
Armor: Scale mail        |     6 |     3 |       |       |       |    83 |    75 |       ||   167
       Ring mail         |       |     2 |     5 |    30 |       |       |       |       ||    37
       Swamp dragon scal |       |       |       |    31 |   147 |       |       |       ||   178
Dodge: Dodged            |     5 |     4 |    13 |   101 |   219 |   153 |   155 |     8 ||   658
Block: Buckler           |     2 |     8 |     3 |   122 |   395 |   225 |    61 |       ||   816
       Reflection        |       |       |       |     6 |    22 |    25 |    10 |       ||    63
       Kite shield       |       |       |       |       |       |       |   163 |     1 ||   164

Table legend: (Time is in decaauts) A = Elapsed time spent in this place. B = Non-inter-level travel time spent in this place. C = Inter-level travel time spent in this place. D = Time resting spent in this place. E = Time spent auto-exploring this place. F = Levels seen in this place. G = Mean time per level. A B C D E F G +--------+--------+--------+--------+--------+-----+--------+ Total | 19402 | 17979 | 1423 | 8349 | 1425 | 1 | 19402.0 | Dungeon | 19402 | 17979 | 1423 | 8349 | 1425 | 1 | 19402.0 | +--------+--------+--------+--------+--------+-----+--------+

Top non-repeatable levels by time:
       D: 19402 daAuts
